 Dungeon Crawl Stone Soup version 0.23-a0-667-gc184e93 (webtiles) character file.

4 MalarOregon the Chiller (level 1, -4/14 HPs)
             Began as a Merfolk Ice Elementalist on Jan 9, 2019.
             Killed from afar by a dart slug (5 damage)
             ... with a slug dart
             ... on level 1 of the Dungeon.
             The game lasted 00:00:34 (69 turns).

MalarOregon the Chiller (Merfolk Ice Elementalist)    Turns: 69, Time: 00:00:35

Health: -4/14      AC:  2    Str:  8    XL:     1   Next: 60%
Magic:  0/3        EV: 13    Int: 14    God:
Gold:   7          SH:  0    Dex: 14    Spells: 3/4 levels left

rFire    . . .     SeeInvis .   (no weapon)
rCold    . . .     Gourm    .   (no shield)
rNeg     . . .     Faith    .   a - +0 robe
rPois    .         Spirit   .   (no helmet)
rElec    .         Reflect  .   b - scarf {cloud immunity}
rCorr    .         Harm     .   (no gloves)
MR       .....                  (no boots)
Stlth    ++........             (no amulet)
HPRegen  0.04/turn              (no ring)
MPRegen  0.08/turn              (no ring)

@: very slightly contaminated
A: change form in water, swift swim, stealthy swim
a: no special abilities


You were on level 1 of the Dungeon.
You were not hungry.

You visited 1 branch of the dungeon, and saw 1 of its levels.

You collected 7 gold pieces.

Inventory:

Armour
 a - a +0 robe (worn)
 b - a scarf of cloud immunity (worn)
   (You found it on level 1 of the Dungeon)
Comestibles
 c - a chunk of flesh
 e - a ration {!d}


   Skills:
 + Level 0.3 Fighting
 + Level 2.8 Dodging
 - Level 2.1 Stealth
 + Level 2.0 Spellcasting
   Level 0.7 Conjurations
 + Level 3.3 Ice Magic


You had 3 spell levels left.
You knew the following spells:

 Your Spells              Type           Power        Failure   Level  Hunger
a - Freeze                Ice            ##..         6%          1    ##.....

Your spell library contained the following spells:

 Spells                   Type           Power        Failure   Level  Hunger
 Throw Frost              Conj/Ice       #.....       16%         2    ###....
 Ozocubu's Armour         Chrm/Ice       #.......     34%         3    ####...
 Throw Icicle             Conj/Ice       #.......     71%         4    #####..
 Summon Ice Beast         Ice/Summ       #.......     75%         4    #####..


Dungeon Overview and Level Annotations

Branches:
Dungeon (1/15)

Altars:


Message History

You butcher the hobgoblin corpse.
c - a chunk of flesh You see here a hobgoblin skeleton.
You start resting.
A kobold comes into view.
A kobold is nearby!
Aim: a kobold You freeze the kobold.
You kill the kobold!
The kobold throws a stone.
The stone closely misses you.
You closely miss the kobold. The kobold hits you but does no damage.
You closely miss the kobold.
A dart slug comes into view.
The kobold hits you but does no damage.
You hit the kobold but do no damage. The kobold hits you but does no damage.
You hit the kobold but do no damage. The kobold closely misses you.
You barely miss the kobold. The kobold closely misses you.
You barely miss the kobold. The kobold hits you with a +0 dagger.
You closely miss the kobold. The kobold barely misses you.
You barely miss the kobold. The kobold barely misses you.
You hit the kobold but do no damage. The kobold hits you with a +0 dagger.
Aim: a kobold, wielding a +0 dagger You miscast Freeze.
You are very lightly contaminated with residual magic.
Nothing appears to happen.
The kobold hits you but does no damage.
You closely miss the kobold. The kobold hits you but does no damage.
You hit the kobold but do no damage. The dart slug launches a dart at you.
The slug dart misses you.
A kobold comes into view. It is wielding a +0 dagger.
The kobold hits you with a +0 dagger.
The kobold shouts!
You hit the kobold but do no damage. The kobold barely misses you.
The dart slug bites you but does no damage.
You hit the kobold. The kobold barely misses you.
You hit the kobold but do no damage. The dart slug closely misses you.
The kobold misses you.
You miss the kobold. The dart slug launches a dart at you.
The slug dart hits you!
* * * LOW HITPOINT WARNING * * *
The kobold hits you with a +0 dagger.
* * * LOW HITPOINT WARNING * * *
You closely miss the kobold. The kobold misses you. The dart slug bites you.
* * * LOW HITPOINT WARNING * * *
The kobold barely misses you. The dart slug launches a dart at you.
The slug dart hits you!
You die...

##.# ....
#.#######...
#...........
###...##.[
###..#.#
##.#.# #...#
#####wK##
#...@..##
#....#.K#
#.........#
#...##.(#....
####
##.###....
#.. ... ####
.. .


You could see a dart slug and 2 kobolds.

Vanquished Creatures
  A leopard gecko (D:1)
  A hobgoblin (D:1)
  A kobold (D:1)
3 creatures vanquished.

Notes
Turn   | Place    | Note
-------+----------+-------------------------------------------
     0 | D:1      | MalarOregon the Merfolk Ice Elementalist began the quest
                  | for the Orb.
     0 | D:1      | Reached XP level 1. HP: 13/13 MP: 3/3
    69 | D:1      | Killed from afar by a dart slug

Vault maps used:
D:1:      scummos_arrival_simple_crosswalls, minmay_pentomino_w4

Action                   || total
-------------------------++-------
Melee: Unarmed           ||    16
 Cast: Freeze            ||     6
Armor: Robe              ||     2
Dodge: Dodged            ||    14

Table legend:
 A = Non-vault XP
 B = Vault XP
 C = Vault XP percentage of total XP
 D = Non-vault monster count
 E = Vault monster count
 F = Vault count percentage of total count
                 A         B        C        D         E       F
            +---------+---------+-------+---------+---------+-------
      Total |       6 |       0 |   0.0 |       3 |       0 |   0.0
            +---------+---------+-------+---------+---------+-------
        D:1 |       6 |       0 |   0.0 |       3 |       0 |   0.0
            +---------+---------+-------+---------+---------+-------
